 Dungeon Crawl Stone Soup version 0.28.0 (webtiles) character file.

Game seed: 4528232094064554030

15 beardedkeet the Grasshopper (level 2, -1/14 HPs)
             Began as a Spriggan Warper on Feb 7, 2022.
             Slain by a quokka (4 damage)
             ... on level 1 of the Dungeon.
             The game lasted 00:04:41 (866 turns).

beardedkeet the Grasshopper (Spriggan Warper)        Turns: 866, Time: 00:04:42

Health: -1/14      AC:  2    Str:  7    XL:     2   Next: 34%
Magic:  6/6        EV: 17    Int: 14    God:
Gold:   14         SH:  0    Dex: 14    Spells: 6/6 levels left

rFire   . . .      SeeInvis +   a - +0 short sword
rCold   . . .      Faith    .   (no shield)
rNeg    . . .      Spirit   .   b - +0 robe
rPois   .          Reflect  .   (helmet restricted)
rElec   .          Harm     .   (no cloak)
rCorr   .          Rampage  .   (gloves unavailable)
Will    .....                   (boots unavailable)
Stlth   +.........              (no amulet)
HPRegen 0.04/turn               (no ring)
MPRegen 0.10/turn               (no ring)

@: very quick
A: very small, no large weapons, unfitting armour, see invisible, speed 3
a: no special abilities


You were on level 1 of the Dungeon.
You visited 1 branch of the dungeon, and saw 1 of its levels.

You collected 14 gold pieces.

Inventory:

Hand Weapons
 a - a +0 short sword (weapon)
 e - a +1 whip of freezing
Missiles
 d - 5 boomerangs of dispersal (quivered)
 f - 10 arrows
 i - 11 bolts
Armour
 b - a +0 robe (worn)
Scrolls
 c - a scroll of blinking
 g - a scroll of teleportation {unknown}
 h - a scroll of noise {unknown}


   Skills:
 - Level 1.5 Fighting
 - Level 2.1 Short Blades
 - Level 1.0 Throwing
 - Level 3.2 Dodging
 - Level 2.6 Spellcasting
 + Level 5.6 Translocations


You had 6 spell levels left.
You didn't know any spells.
Your spell library contained the following spells:

 Spells                   Type           Power      Damage    Failure   Level
 Blink                    Tloc           34%        N/A       3%          2
 Gell's Gravitas          Tloc           17%        N/A       7%          3
 Lesser Beckoning         Tloc           17%        N/A       7%          3
 Teleport Other           Tloc           17%        N/A       7%          3
 Manifold Assault         Tloc           17%        N/A       52%         5


Dungeon Overview and Level Annotations

Branches:
Dungeon (1/15)

Altars:


Innate Abilities, Weirdness & Mutations

You are very small and have problems with some larger weapons.
You are too small for most types of armour.
You have supernaturally acute eyesight. (SInv)
You cover ground extremely quickly. (Speed+++)


Message History

The endoplasm misses you.
You hit the endoplasm.
You kill the endoplasm!
A quokka comes into view.
Found a helmet.
You hit the quokka but do no damage. The quokka bites you.
You closely miss the quokka. The quokka barely misses you.
You miss the quokka. The quokka misses you.
You miss the quokka. The quokka closely misses you. The quokka bites you.
The dart slug briefly extends its eye-stalks.
You are too injured to fight recklessly!
You closely miss the quokka. The quokka bites you.
* * * LOW HITPOINT WARNING * * *
Found 11 bolts.
You see here 11 bolts.
i - 11 bolts A rat comes into view.
You barely miss the quokka. The quokka closely misses you.
You hit the quokka.
The quokka is moderately wounded.
The quokka closely misses you.
You hit the quokka.
The quokka is heavily wounded.
The quokka bites you.
* * * LOW HITPOINT WARNING * * *
Found a puce potion.
A ball python and a hobgoblin come into view.
You closely miss the quokka.
The quokka is moderately wounded.
The quokka closely misses you.
You hit the quokka but do no damage.
The quokka is moderately wounded.
The quokka barely misses you.
You barely miss the quokka.
The quokka is moderately wounded.
The quokka completely misses you.
You hit the quokka.
The quokka is almost dead.
The quokka bites you.
You die...

#........# #.# .w
#.####.....r..# .#
#.............####
.#
####.#......#....!
.# ##.##.##.#..##.#
g. #...........##.#
.# #..##..........#
S#
#..##......######.#
#..........r@.....#
#.###......########
#........ #.##.####
#.##.# #.##.#
#.##.##
#.#...########.#
#...............


You could see a quokka.

Vanquished Creatures
  2 endoplasms (D:1)
  A giant cockroach (D:1)
  2 goblins (D:1)
  3 jackals (D:1)
  A quokka (D:1)
  2 ball pythons (D:1)
  A bat (D:1)
  A kobold (D:1)
13 creatures vanquished.

Notes
Turn   | Place    | Note
-------+----------+-------------------------------------------
     0 | D:1      | beardedkeet the Spriggan Warper began the quest for the
                  | Orb.
     0 | D:1      | Reached XP level 1. HP: 10/10 MP: 5/5
   211 | D:1      | Reached skill level 5 in Translocations
   231 | D:1      | Reached XP level 2. HP: 6/14 MP: 6/6
   866 | D:1      | Slain by a quokka

Illustrated notes

Levels and vault maps discovered:
D:1:      dpeg_arrival_ratfight, layout_loops_ring,
          hellmonk_ecumenical_altar_slurped_away

Skill      XL: |  1 |
---------------+----+-----
Translocations | 5 |  5.6
Fighting       | |  1.5
Short Blades   | |  2.1
Throwing       | |  1.0
Dodging        | |  3.2
Spellcasting   | |  2.6

Action                   || total
-------------------------++-------
Melee: Whip              ||    36
       Short sword       ||    18
 Stab: Sleeping          ||     1
Armor: Robe              ||     3
Dodge: Dodged            ||    42
